 Dungeon Crawl Stone Soup version 0.28-b1-38-gff268fdeb9 (webtiles) character file.

Game seed: 10081231291779952685

39230 sAilor the Fighter (level 14, -3/121 HPs)
             Began as a Formicid Brigand on Feb 2, 2022.
             Was a High Priest of Qazlal.
             Slain by an eight-headed hydra (4 damage)
             ... while petrified by a basilisk
             ... on level 2 of the Lair of Beasts on Feb 3, 2022.
             The game lasted 01:09:01 (20987 turns).

sAilor the Fighter (Formicid Brigand)              Turns: 20987, Time: 01:09:01

Health: -3/121     AC: 16    Str: 20    XL:     14   Next: 38%
Magic:  29/29      EV:  2    Int: 14    God:    Qazlal [*****.]
Gold:   1453       SH:  0    Dex: 16    Spells: 13/13 levels left

rFire   . . .      SeeInvis +   B - +8 woodcutter's axe {vorpal}
rCold   . . .      Faith    .   o - orb {*Rage}
rNeg    + + +      Spirit   .   f - +4 ring mail "Dafiroudgh" {rElec MP+9 Dex+4}
rPois   ∞          Reflect  +   (helmet unavailable)
rElec   +          Harm     .   (no cloak)
rCorr   .          Rampage  .   a - +1 Delatra's gloves {ID++}
Will    +....                   S - +0 pair of boots
Stlth   +.........              u - amulet of reflection
HPRegen 0.30/turn               h - +4 ring of evasion
MPRegen 0.21/turn               F - ring of poison resistance

@: petrified, protected from physical damage, repel missiles
A: permanent stasis, dig shafts and tunnels, antennae 3, four strong arms,
clever 1, deformed body, wild magic 1
a: Dig, Shaft Self, Renounce Religion, Upheaval, Elemental Force, Disaster Area


You were on level 2 of the Lair of Beasts.
You worshipped Qazlal.
Qazlal was extremely pleased with you.
You visited 4 branches of the dungeon, and saw 18 of its levels.

You collected 1453 gold pieces.

Inventory:

Hand Weapons
 j - a +3 antimagic spear
 B - the +8 woodcutter's axe (weapon) {vorpal}
   (You found it on level 8 of the Dungeon)

   It inflicts extra damage upon your enemies.
 J - a +0 vorpal battleaxe
Missiles
 d - 19 poisoned darts
 e - 2 curare-tipped darts (quivered)
 G - a silver boomerang
 L - 7 atropa-tipped darts
Armour
 a - the +1 Delatra's gloves (worn) {ID++}
   (You found it on level 4 of the Dungeon)

   It heals its wearer when they drink unknown potions.
   It restores its wearer's MP when they read unknown scrolls.
 f - the +4 ring mail "Dafiroudgh" (worn) {rElec MP+9 Dex+4}
   (You found it on level 1 of the Lair of Beasts)

   Dex:       It affects your dexterity (+4).
   rElec:     It insulates you from electricity.
   MP:        It affects your magic capacity (+9).
 m - a scarf of harm
 o - an orb of wrath (worn)
 D - a +1 plate armour
 S - a +0 pair of boots (worn)
Jewellery
 h - a +4 ring of evasion (left hand)
 k - a +4 ring of evasion
 l - a ring of protection from cold
 u - an amulet of reflection (around neck)
 F - a ring of poison resistance (right hand)
 N - an amulet of faith
 V - a ring of positive energy
 W - a ring of protection from cold
Wands
 b - a wand of flame (9)
 z - a wand of paralysis (11)
Scrolls
 c - 2 scrolls of vulnerability
 g - a scroll of silence
 i - 2 scrolls of fog
 n - 4 scrolls of magic mapping
 x - 2 scrolls of immolation
 y - a scroll of blinking
 C - 2 scrolls of noise
 E - 6 scrolls of teleportation
 M - 2 scrolls of summoning {unknown}
 P - a scroll of torment {unknown}
 U - a scroll of holy word {unknown}
 Z - a scroll of fear
Potions
 p - a potion of haste
 q - a potion of brilliance {unknown}
 r - 4 potions of attraction
 s - 2 potions of flight
 t - 4 potions of lignification {unknown}
 A - 2 potions of magic {unknown}
 R - a potion of degeneration {unknown}
 T - a potion of ambrosia {unknown}
Miscellaneous
 v - a piece from Xom's chessboard (14/15)
 w - a phial of floods
 K - a box of beasts (inert)


   Skills:
 + Level 14.9 Fighting
 - Level 2.4 Short Blades
 + Level 14.2 Axes
 - Level 5.0 Throwing
 - Level 12.0 Armour
 - Level 0.8 Dodging
 - Level 4.8 Stealth
 - Level 8.1 Invocations


You had 13 spell levels left.
You didn't know any spells.
Your spell library contained the following spells:

 Spells                   Type           Power      Damage    Failure   Level
 Animate Skeleton         Necr           0%         N/A       47%         1
 Pain                     Necr           0%         1d4       47%         1
 Ensorcelled Hibernation  Hex/Ice        0%         N/A       63%         2
 Conjure Flame            Conj/Fire      0%         6-21      83%         3
 Ignite Poison            Fire/Tmut/Pois 0%         N/A       83%         3
 Inner Flame              Hex/Fire       0%         N/A       83%         3
 Ozocubu's Armour         Ice            0%         N/A       83%         3
 Spider Form              Tmut/Pois      0%         N/A       83%         3
 Vampiric Draining        Necr           0%         2d6       83%         3
 Anguish                  Hex/Necr       0%         N/A       99%         4
 Cause Fear               Hex            0%         N/A       99%         4
 Passage of Golubria      Tloc           0%         N/A       99%         4
 Sticky Flame             Conj/Fire      0%         2d3       99%         4
 Blade Hands              Tmut           0%         N/A       100%        5
 Irradiate                Conj/Tmut      0%         3d13      100%        5
 Metabolic Englaciation   Hex/Ice        0%         N/A       100%        5
 Silence                  Hex/Air        0%         N/A       100%        5
 Simulacrum               Ice/Necr       0%         N/A       100%        6
 Dragon Form              Tmut           0%         N/A       100%        7
 Discord                  Hex            0%         N/A       100%        8
 Lehudib's Crystal Spear  Conj/Erth      0%         10d2      100%        8


Dungeon Overview and Level Annotations

Branches:
Dungeon (13/15)            Temple (1/1) D:7            Lair (2/6) D:11
    Orc (2/2) D:11            Elf (0/3) Orc:2
  Swamp: Lair:2-4    Shoals: Lair:2-4     Snake: Lair:2-4    Spider: Lair:2-4
 Vaults: D:13-14

Altars:
Ashenzari
Cheibriados
Dithmenos
Elyvilon
Fedhas
Gozag
Hepliaklqana
Kikubaaqudgha
Makhleb
Nemelex Xobeh
Okawaru
Qazlal
Ru
Sif Muna
Trog
Uskayaw
Vehumet
Wu Jian
Xom
Zin
The Shining One

Shops:
D:1 :(!   D:3 =   Orc:2 :[*(

Annotations:
D:10 2 transporters


Innate Abilities, Weirdness & Mutations

You cannot be hasted, slowed, berserked, paralysed or teleported.
You can dig through walls and to a lower floor.
You have a pair of large antennae on your head. (SInv)
Your four strong arms can wield two-handed weapons with a shield.
Your mind is acute. (Int +2)
Armour fits poorly on your strangely shaped body.
Your spells are a little harder to cast, but a little more powerful.


Message History

The eight-headed hydra bites you but does no damage.
The eight-headed hydra bites you.
* * * LOW HITPOINT WARNING * * *
The eight-headed hydra bites you.
* * * LOW HITPOINT WARNING * * *
The eight-headed hydra bites you but does no damage.
The eight-headed hydra bites you!
* * * LOW HITPOINT WARNING * * *
You feel more protected from physical attacks.
The eight-headed hydra bites you!
* * * LOW HITPOINT WARNING * * *
You feel more protected from physical attacks.
The eight-headed hydra bites you but does no damage. x2
The wolf bites you but does no damage.
The wolf is engulfed in blazing flames.
You kill the wolf!
Qazlal accepts your kill. The wolf bites you but does no damage.
The wolf bites you.
* * * LOW HITPOINT WARNING * * *
The eight-headed hydra bites you!
* * * LOW HITPOINT WARNING * * *
The eight-headed hydra bites you!
* * * LOW HITPOINT WARNING * * *
You feel more protected from physical attacks.
The eight-headed hydra bites you but does no damage. x3
The eight-headed hydra bites you.
* * * LOW HITPOINT WARNING * * *
The eight-headed hydra bites you.
You feel more protected from physical attacks.
The eight-headed hydra completely misses you.
The wolf bites you but does no damage. x2
The wolf bites you but does no damage. x2
The eight-headed hydra is struck by lightning.
The eight-headed hydra bites you.
* * * LOW HITPOINT WARNING * * *
You feel more protected from physical attacks.
The eight-headed hydra bites you.
* * * LOW HITPOINT WARNING * * *
The eight-headed hydra bites you!
You die...

....#. ..... ..... .... ....
...... ##..... .... {
..^...P ### #.....## .## {
#.P...####.###P..... ..#
#.......Y§........# .##
#......Dh°........# {#
#.....h@.○.#.....# .####
#....lh#.........##
.##.######....○l#.○..#..<.P#
................#.........##
......#.###.....#.........#
#.....####................#
#.....# #........)..#.....#
......##
##.....#....#.......
......P#
#...................


You could see an eight-headed hydra, a komodo dragon, a yak, a basilisk (slow)
and 3 wolves.

Vanquished Creatures
  An ettin (Orc:1)
  Erolcha (D:9)
  4 hydras
  2 ogre magi
  2 boulder beetles (D:11)
  8 two-headed ogres
  A centaur warrior (D:13)
  An orc high priest (Orc:1)
  2 deep trolls (Orc:2)
  A deep elf pyromancer (D:8)
  2 cyclopes (Orc:2)
  A manticore (D:8)
  Maurice (D:8)
  4 cane toads
  2 gargoyles
  A kobold demonologist (D:8)
  An unseen horror (D:10)
  2 rime drakes (Lair:1)
  5 komodo dragons
  10 trolls
  A hornet (D:11)
  7 dream sheep
  6 slime creatures
  4 shadows
  A centaur simulacrum (D:9)
  11 yaks
  2 vampires
  3 wyverns
  A basilisk (Lair:2)
  15 vampire mosquitoes
  5 wargs
  2 acid dragons
  4 water moccasins
  A sky beast (D:8)
  4 ice beasts
  12 orc warriors
  A necrophage (D:7)
  3 black bears
  20 ogres
  9 wolves
  A phantom (D:6)
  7 centaurs
  3 kobold brigands
  14 bullfrogs
  A wyvern zombie (D:8)
  2 gnoll sergeants
  5 scorpions
  A wyvern skeleton (D:6)
  2 water moccasin skeletons (D:5)
  2 wights (D:8)
  3 electric eels
  4 howler monkeys
  A bullfrog zombie (D:6)
  A bullfrog skeleton (D:7)
  4 hounds
  8 centaur zombies
  A gnoll shaman (D:8)
  14 orc priests
  2 jellies (D:8)
  3 centaur skeletons
  2 iguanas
  16 orc wizards
  5 hell rats (Lair:2)
  A killer bee zombie (D:7)
  A hound zombie (D:5)
  A howler monkey zombie (D:8)
  17 gnolls
  5 adders
  A white imp (D:3)
  An ufetubus (D:5)
  An adder skeleton (D:5)
  3 worms
  3 dart slugs
  50 orcs
  3 ball pythons
  A giant cockroach (D:2)
  6 goblins
  6 hobgoblins
  10 kobolds
  2 quokkas (D:4)
  5 bats
  5 frilled lizards
  4 rats
392 creatures vanquished.

Vanquished Creatures (others)
  A kobold (D:7)
  12 fungi
  30 plants
  5 toadstools (D:8)
48 creatures vanquished.

Grand Total: 440 creatures vanquished

Notes
Turn   | Place    | Note
-------+----------+-------------------------------------------
     0 | D:1      | sAilor the Formicid Brigand began the quest for the Orb.
     0 | D:1      | Reached XP level 1. HP: 16/16 MP: 1/1
   262 | D:1      | Reached XP level 2. HP: 23/23 MP: 2/2
   274 | D:1      | Found Xafamp's Distillery.
   571 | D:1      | Found a faded altar of an unknown god.
   582 | D:1      | Prayed at the altar of an unknown god.
   582 | D:1      | Became a worshipper of Qazlal Stormbringer
   582 | D:1      | Reached * piety under Qazlal
   722 | D:1      | Found Minyneuseu's Book Shoppe.
   731 | D:1      | Found Aklotify's Antique Weapon Boutique.
  1005 | D:2      | Reached skill level 1 in Axes
  1258 | D:2      | Reached XP level 3. HP: 28/28 MP: 3/3
  1603 | D:2      | Reached XP level 4. HP: 19/34 MP: 4/4
  2300 | D:2      | Reached XP level 5. HP: 36/39 MP: 5/5
  3021 | D:3      | Found Unweth Guana's Jewellery Shop.
  3806 | D:4      | Found a burning altar of Makhleb.
  3911 | D:4      | Noticed an ogre
  3913 | D:4      | Killed an ogre
  3914 | D:4      | Reached skill level 5 in Axes
  3914 | D:4      | Reached XP level 6. HP: 46/46 MP: 6/6
  4014 | D:4      | Found the +1 Delatra's gloves {ID++}
  4345 | D:4      | Reached ** piety under Qazlal
  4352 | D:4      | Found a white marble altar of Elyvilon.
  4436 | D:4      | Found a glowing golden altar of the Shining One.
  4463 | D:4      | Noticed an orc warrior
  4474 | D:4      | Killed an orc warrior
  4475 | D:4      | Reached XP level 7. HP: 45/51 MP: 7/7
  4614 | D:4      | You fall into a shaft and drop 3 floors!
  4624 | D:7      | You fall into a shaft and drop 3 floors!
  4624 | D:10     | Entered Level 10 of the Dungeon
  4893 | D:10     | Noticed a swamp worm
  4903 | D:10     | Noticed a swamp worm
  4907 | D:10     | Found a transporter.
  4910 | D:10     | Noticed a swamp worm
  4922 | D:10     | Noticed a swamp worm
  5005 | D:8      | You fall into a shaft and drop 3 floors!
  5791 | D:7      | Reached XP level 8. HP: 55/57 MP: 8/8
  6287 | D:6      | Reached skill level 10 in Axes
  6291 | D:6      | Reached XP level 9. HP: 28/64 MP: 9/9
  6604 | D:6      | Reached *** piety under Qazlal
  6719 | D:6      | Reached skill level 5 in Fighting
  7446 | D:5      | Entered Level 5 of the Dungeon
  8676 | D:7      | Reached XP level 10. HP: 66/83 MP: 10/10
  8797 | D:7      | Found a staircase to the Ecumenical Temple.
  8830 | Temple   | Entered the Ecumenical Temple
  8901 | D:7      | Found a broken altar of Ashenzari.
  9371 | D:8      | Found the +8 woodcutter's axe {vorpal}
  9431 | D:8      | Reached skill level 10 in Fighting
  9435 | D:8      | Reached skill level 1 in Armour
  9435 | D:8      | Reached skill level 1 in Invocations
  9437 | D:8      | Reached **** piety under Qazlal
 10223 | D:8      | Noticed a gargoyle
 10227 | D:8      | Killed a gargoyle
 10228 | D:8      | Reached skill level 5 in Invocations
 10231 | D:8      | Noticed a deep elf pyromancer
 10234 | D:8      | Noticed a manticore
 10242 | D:8      | Noticed a kobold demonologist
 10249 | D:8      | HP: 2/86 [shadow (10)]
 10270 | D:8      | Killed a deep elf pyromancer
 10271 | D:8      | Reached skill level 5 in Armour
 10271 | D:8      | Reached XP level 11. HP: 66/92 MP: 15/15
 10299 | D:8      | Killed a manticore
 10728 | D:8      | Noticed Maurice
 10764 | D:8      | Killed Maurice
 11430 | D:9      | Noticed Erolcha
 11439 | D:9      | Killed Erolcha
 11469 | D:9      | Found a stormy altar of Qazlal.
 11677 | D:9      | Found an iron altar of Okawaru.
 11798 | D:9      | Found an opulent altar of Gozag.
 12163 | D:9      | Found an ornate altar of the Wu Jian Council.
 12165 | D:9      | Found a sparkling altar of Nemelex Xobeh.
 12168 | D:9      | Found a shimmering altar of Xom.
 12334 | D:10     | Identified the +5 helmet of Melancholy {rN+ rCorr Int+5}
 12346 | D:10     | Found a transporter.
 12951 | D:10     | Reached XP level 12. HP: 99/100 MP: 17/17
 13051 | D:11     | Found a staircase to the Lair.
 13214 | D:11     | Noticed a boulder beetle
 13236 | D:11     | Killed a boulder beetle
 13531 | D:11     | Found a staircase to the Orcish Mines.
 13606 | D:11     | Noticed a boulder beetle
 13634 | D:11     | Killed a boulder beetle
 13980 | D:11     | Noticed a two-headed ogre
 13997 | D:11     | Killed a two-headed ogre
 14658 | D:12     | Reached skill level 5 in Throwing
 14802 | D:12     | Reached ***** piety under Qazlal
 15539 | D:13     | Noticed a centaur warrior
 15544 | D:13     | Killed a centaur warrior
 15628 | Orc:1    | Entered Level 1 of the Orcish Mines
 15718 | Orc:2    | Entered Level 2 of the Orcish Mines
 15718 | Orc:2    | Noticed an orc high priest
 15727 | Orc:2    | Reached XP level 13. HP: 92/109 MP: 19/19
 15738 | Orc:1    | Gained mutation: Armour fits poorly on your strangely
                  | shaped body. [potion of mutation]
 15738 | Orc:1    | Gained mutation: Your mind is acute. (Int +2) [potion of
                  | mutation]
 15738 | Orc:1    | Gained mutation: Your spells are a little harder to cast,
                  | but a little more powerful. [potion of mutation]
 16070 | Orc:2    | Noticed an ogre mage
 16092 | Orc:1    | Killed an ogre mage
 16323 | Orc:2    | Reached skill level 10 in Armour
 16327 | Orc:2    | Noticed an ettin
 16333 | Orc:2    | HP: 5/111 [ettin (37)]
 16346 | Orc:1    | Killed an ettin
 17517 | Orc:2    | Found Zega Ema's Armour Boutique.
 17517 | Orc:2    | Found a staircase to the Elven Halls.
 17528 | Orc:2    | Found Kes Zeank's Book Boutique.
 17529 | Orc:2    | Found Qoimaarch's General Store.
 17555 | Orc:2    | Noticed an ogre mage
 17566 | Orc:2    | Killed an ogre mage
 17776 | Orc:2    | Found Hylowk's Weapon Shop.
 18140 | Orc:2    | Upgraded the game from 0.28-b1-25-g9875b3fc8c to
                  | 0.28-b1-38-gff268fdeb9
 18333 | Lair:1   | Entered Level 1 of the Lair of Beasts
 18333 | Lair:1   | Noticed a seven-headed hydra
 18335 | Lair:1   | Noticed a five-headed hydra
 18346 | D:11     | Killed an 11-headed hydra
 18708 | D:11     | Killed a seven-headed hydra
 18709 | D:11     | Reached XP level 14. HP: 27/120 MP: 20/20
 19357 | Lair:1   | Identified the +4 ring mail "Dafiroudgh" {rElec MP+9 Dex+4}
 19414 | D:11     | HP: 3/121 [six-headed hydra (10)]
 20986 | Lair:2   | HP: 4/121 [eight-headed hydra (3)]
 20987 | Lair:2   | HP: 1/121 [eight-headed hydra (1)]
 20987 | Lair:2   | Slain by an eight-headed hydra

Illustrated notes

Levels and vault maps discovered:
D:1:      erik_arrival_blinker_ship, layout_basic,
          shapermc_ecumenical_altar_notcrosses, serial_shops, shop, shop,
          nicolae_shop_crystal
D:2:      layout_loops_cross, minmay_lizard_king
D:3:      layout_basic, serial_shops,
          nicolae_shop_temple_entry_statues_fountains
D:4:      corexii_shack_village, layout_basic,
          mainiacjoe_overflow_six_doors_small, tso_oasis_becter, bloody_makhleb
D:5:      layout_loops_ring
D:6:      layout_loops_ring, solitary_fountain
D:7:      layout_cave_pools, kennysheep_mini_moat,
          minmay_temple_entry_offerings, serial_bayou_lake_a
D:8:      minmay_the_grid_octo_tiled_squarecenter [minmay_the_grid_octo_focus,
          minmay_the_grid_octo_concentric, minmay_the_grid_octo_77,
          minmay_the_grid_octo_clover_2,
          minmay_the_grid_square_5x5_megaprize_checkered,
          minmay_the_grid_square_5x5_tri_point,
          minmay_the_grid_square_5x5_empty, minmay_the_grid_square_5x5_dogpile,
          minmay_the_grid_square_5x5_meh], layout_basic, enter_bailey_2,
          hex_large, minmay_gold_behind_fungi, uniq_maurice
D:9:      layout_long_grid, mainiacjoe_overflow_chevrons,
          mainiacjoe_overflow_tiny_flanked, mainiacjoe_overflow_small_starburst,
          minmay_overflow_temple_star_quad, uniq_erolcha
D:10:     gammafunk_worm_tunnel, layout_gridville
D:11:     layout_roguey, david_lair_shrubbed, minmay_orc_entry_guard_dogs,
          serial_bayou_ford_a, kennysheep_small_spiral
D:12:     layout_roguey
D:13:     layout_roguey, nicolae_twisting_strands
Temple:   minmay_temple_bridge_abc
Lair:1:   layout_long_grid, portal_ice_cave_rime, infiniplex_staircase_pool
Lair:2:   layout_chaotic_city
Orc:1:    layout_diamond_mine, uniq_gastronok
Orc:2:    st_orc_open, layout_diamond_mine

Skill      XL: |  1  2  3  4  5  6  7  8  9 10 11 12 13 14 |
---------------+-------------------------------------------+-----
Axes           | 1 2 3 5 6 8 10 11 12 13 14 | 14.2
Fighting       | 3 9 10 11 12 14 | 14.9
Armour         | 5 7 9 11 12 | 12.0
Invocations    | 5 7 8 |  8.1
Throwing       | 3 5 |  5.0
Short Blades   | |  2.4
Dodging        | |  0.8
Stealth        | |  4.8

Action                   |  1- 3 |  4- 6 |  7- 9 | 10-12 | 13-15 || total
-------------------------+-------+-------+-------+-------+-------++-------
Melee: Dagger            |     6 |       |       |       |       ||     6
       War axe           |    18 |    90 |   285 |   425 |   255 ||  1073
       Punch             |     1 |       |     3 |     6 |     5 ||    15
Throw: Dart              |    29 |    29 |     1 |     4 |     4 ||    67
       Boomerang         |       |       |       |     5 |       ||     5
Invok: Upheaval          |       |       |     2 |     1 |     1 ||     4
       Disaster Area     |       |       |       |     1 |       ||     1
 Abil: Shaft Self        |       |       |     2 |       |       ||     2
       Dig               |       |       |     1 |       |       ||     1
Evoke: Piece from Xom's  |       |       |       |       |     2 ||     2
       Box of beasts     |       |       |       |       |     1 ||     1
       Wand              |       |       |       |       |     9 ||     9
  Use: Scroll            |       |       |     3 |    12 |     2 ||    17
       Potion            |       |       |     1 |     6 |     4 ||    11
 Stab: Sleeping          |     3 |       |       |       |       ||     3
Armor: Robe              |     9 |     4 |       |       |       ||    13
       Ring mail         |       |     7 |    30 |       |    82 ||   119
       Plate armour      |       |       |    75 |   142 |    79 ||   296
       Skin              |       |       |       |       |     1 ||     1
Dodge: Dodged            |    13 |    36 |   104 |   180 |   255 ||   588
       Repelled          |       |       |       |     3 |     1 ||     4
Block: Other             |     1 |    23 |   101 |   208 |   194 ||   527
       Reflection        |       |       |     8 |     9 |       ||    17
       Orb               |       |       |       |       |    44 ||    44
